 Dungeon Crawl Stone Soup version 0.25-a0-843-g6944ee31a2 (webtiles) character file.

Game seed: 3665333392394461379, levelgen mode: deterministic

50 tilp the Bolt Thrower (level 4, -2/25 HPs)
             Began as a Kobold Arcane Marksman on Apr 25, 2020.
             Killed from afar by Ijyb (8 damage)
             ... with a puff of flame
             ... on level 3 of the Dungeon.
             The game lasted 00:02:59 (1411 turns).

tilp the Bolt Thrower (Kobold Arcane Marksman)      Turns: 1411, Time: 00:02:59

Health: -2/25      AC:  4    Str:  8    XL:     4   Next: 4%
Magic:  5/5        EV: 14    Int: 14    God:
Gold:   58         SH:  0    Dex: 15    Spells: 2/5 levels left

rFire    . . .     SeeInvis .   a - +0 hand crossbow
rCold    . . .     Gourm    .   (shield restricted)
rNeg     . . .     Faith    .   o - +0 leather armour
rPois    .         Spirit   .   (no helmet)
rElec    .         Reflect  .   h - +0 cloak
rCorr    .         Harm     .   (no gloves)
MR       .....                  (no boots)
Stlth    +.........             (no amulet)
HPRegen  0.08/turn              (no ring)
MPRegen  0.09/turn              (no ring)

@: no status effects
A: small, carnivore
a: no special abilities


You were on level 3 of the Dungeon.
You were completely stuffed.

You visited 1 branch of the dungeon, and saw 3 of its levels.

You collected 58 gold pieces.

Inventory:

Hand Weapons
 a - a +0 hand crossbow (weapon)
 b - a +2 dagger of protection
Missiles
 d - 34 bolts (quivered)
 j - 3 atropa-tipped darts
 k - 21 poisoned darts
Armour
 h - a +0 cloak (worn)
 o - a +0 leather armour (worn)
Scrolls
 f - a scroll of fog
 i - a scroll of remove curse
Potions
 e - 2 potions of heal wounds
 g - a potion of berserk rage
 n - 2 potions of curing
 p - a potion of lignification {unknown}
 q - a potion of flight {unknown}
Comestibles
 c - 4 rations
 l - a chunk of flesh


   Skills:
 - Level 1.1 Fighting
 + Level 4.8 Crossbows
 - Level 2.4 Dodging
 - Level 1.1 Spellcasting
 - Level 3.0 Hexes


You had 2 spell levels left.
You knew the following spells:

 Your Spells              Type           Power        Failure   Level  Hunger
a - Corona                Hex            #......      11%         1    ##.....
b - Slow                  Hex            #.......     17%         2    ###....

Your spell library contained the following spells:

 Spells                   Type           Power        Failure   Level  Hunger
 Inner Flame              Hex/Fire       #.......     52%         3    ####...
 Portal Projectile        Hex/Tloc       #.....       52%         3    ####...
 Cause Fear               Hex            #.........   73%         4    #####..
 Leda's Liquefaction      Hex/Erth       #.........   90%         4    #####..


Dungeon Overview and Level Annotations

Branches:
Dungeon (3/15)

Altars:
Kikubaaqudgha

Annotations:
D:2 Sigmund
D:3 Ijyb


Innate Abilities, Weirdness & Mutations

You are small and have problems with some larger weapons.
You are carnivorous and can eat meat at any time.


Message History

Aim: a hobgoblin You shoot a bolt.
The bolt hits the hobgoblin.
You kill the hobgoblin!
i - a scroll of remove curse A rat comes into view.
Firing (i - inventory. (/) - cycle)
d - 35 bolts (quivered)
Press: ? - help, Shift-Dir - straight line, f - rat
Aim: a rat (resting)
You shoot a bolt. The bolt hits the rat!
You kill the rat!
Found 27 bolts.
m - a scroll labeled OCIZOR KANGU
As you read the scroll labeled OCIZOR KANGU, it crumbles to dust.
You feel strangely unstable.
It was a scroll of teleportation.
You start resting.
Your surroundings suddenly seem different.
Ijyb the Twisted Goblin comes into view.
She is wielding a +4 club and carrying a wand of flame (9).
Ijyb shouts!
Ijyb zaps a wand.
The puff of flame hits you!
You die...

.#....##
.......#
...$...#
#......#
#......#.
#........
###......#
#..@.....#
#............
#............
+.............$
####.......(...
..##...g..#.
... #......+
.... .......#


You could see Ijyb.

Vanquished Creatures
  2 adders (D:2)
  A dart slug (D:1)
  2 leopard geckos
  6 bats
  A giant cockroach (D:2)
  3 goblins
  3 hobgoblins
  2 frilled lizards (D:2)
  3 kobolds
  9 rats
32 creatures vanquished.

Notes
Turn   | Place    | Note
-------+----------+-------------------------------------------
     0 | D:1      | tilp the Kobold Arcane Marksman began the quest for the
                  | Orb.
     0 | D:1      | Reached XP level 1. HP: 12/12 MP: 2/2
    56 | D:1      | Reached skill level 3 in Crossbows
    61 | D:1      | You fall into a shaft and drop 1 floor!
   138 | D:1      | Reached XP level 2. HP: 16/16 MP: 3/3
   161 | D:1      | Learned a level 2 spell: Slow
   932 | D:2      | Reached skill level 4 in Crossbows
   932 | D:2      | Reached XP level 3. HP: 20/20 MP: 4/4
  1020 | D:2      | Found an ancient bone altar of Kikubaaqudgha.
  1181 | D:2      | Noticed Sigmund
  1396 | D:3      | Reached XP level 4. HP: 4/25 MP: 5/5
  1411 | D:3      | Noticed Ijyb
  1411 | D:3      | Killed from afar by Ijyb

Levels and vault maps discovered:
D:1:      matt_arrival_spirals, layout_loops_ring
D:2:      layout_basic, lemuel_round_altar, uniq_sigmund
D:3:      layout_basic, lightli_sewer_entry_pipes, first_ration,
          minmay_snake_closets, uniq_ijyb

Skill      XL: |  1  2 |
---------------+-------+-----
Crossbows      | 3 4 |  4.8
Fighting       | |  1.1
Dodging        | |  2.4
Spellcasting   | |  1.1
Hexes          | |  3.0

Action                   |  1- 3 |  4- 6 || total
-------------------------+-------+-------++-------
Melee: Dagger            |    21 |       ||    21
 Fire: Hand crossbow     |    59 |     3 ||    62
 Cast: Corona            |     1 |       ||     1
  Use: Scroll            |     4 |     1 ||     5
       Potion            |     1 |       ||     1
  Eat: Chunk             |    10 |       ||    10
Armor: Robe              |     2 |       ||     2
       Leather armour    |     5 |       ||     5
Dodge: Dodged            |    45 |       ||    45

Table legend:
 A = Non-vault XP
 B = Vault XP
 C = Vault XP percentage of total XP
 D = Non-vault monster count
 E = Vault monster count
 F = Vault count percentage of total count
                 A         B        C        D         E       F
            +---------+---------+-------+---------+---------+-------
      Total |      72 |       0 |   0.0 |      32 |       0 |   0.0
            +---------+---------+-------+---------+---------+-------
        D:1 |      22 |       0 |   0.0 |      13 |       0 |   0.0
        D:2 |      44 |       0 |   0.0 |      16 |       0 |   0.0
        D:3 |       6 |       0 |   0.0 |       3 |       0 |   0.0
            +---------+---------+-------+---------+---------+-------
